 Dungeon Crawl Stone Soup version 0.21.1-1-g345015fe64 (webtiles) character file.

5607 amenchero the Summoner (level 11, -18/73 HPs)
             Began as a Human Summoner on Apr 25, 2018.
             Was an Elder of Sif Muna.
             Demolished by a two-headed ogre
             ... wielding a +0 giant club
              (33 damage)
             ... on level 10 of the Dungeon on May 4, 2018.
             The game lasted 04:17:02 (14886 turns).

amenchero the Summoner (Human Summoner)            Turns: 14886, Time: 04:17:03

Health: -18/73     AC:  9    Str:  8    XL:     11   Next: 3%
Magic:  17/22      EV: 14    Int: 18    God:    Sif Muna [****..]
Gold:   477        SH:  0    Dex: 15    Spells: 12/29 levels left

rFire    . . .     SeeInvis .   C - +3 flail (holy)
rCold    . . .     Gourm    .   (no shield)
rNeg     + . .     Faith    .   M - +2 robe {rN+}
rPois    .         Spirit   .   E - +0 helmet
rElec    .         Reflect  .   H - +1 cloak
rCorr    .         Harm     .   S - +0 pair of gloves
MR       .....                  v - +0 pair of boots
Stlth    ++........             t - amulet of magic regeneration
HPRegen  0.22/turn              i - ring of wizardry
MPRegen  0.43/turn              (no ring)

@: divine energy
A: blurry vision 1, low mp 1
a: Stop Divine Energy, Channel Magic, Forget Spell, Renounce Religion


You were on level 10 of the Dungeon.
You worshipped Sif Muna.
Sif Muna was greatly pleased with you.
You were not hungry.

You visited 3 branches of the dungeon, and saw 14 of its levels.

You collected 687 gold pieces.
You spent 210 gold pieces at shops.

Inventory:

Hand Weapons
 g - a +1 rapier of speed
 m - a +0 shortbow
 r - a +2 dagger of pain
 w - a +0 hunting sling
 y - a +1 falchion of freezing
 A - a +0 quarterstaff
 C - a +3 flail of holy wrath (weapon)
 D - a +3 trident of distortion
 G - a +4 quarterstaff of chaos
 T - a +0 whip
Missiles
 d - 276 stones
 k - 8 poisoned needles (quivered)
 x - 213 arrows
Armour
 n - a +0 plate armour
 v - a +0 pair of boots (worn)
 E - a +0 helmet (worn)
 H - a +1 cloak (worn)
 J - a +0 robe
 M - a +2 robe of positive energy (worn)
 O - a cursed +0 leather armour
 S - a +0 pair of gloves (worn)
Jewellery
 i - a ring of wizardry (left hand)
 t - an amulet of magic regeneration (around neck)
Wands
 u - a wand of clouds (5)
 F - a wand of polymorph (17)
 L - a wand of iceblast (15)
Scrolls
 a - a scroll of magic mapping
 h - 3 scrolls of fog
 j - 4 scrolls of teleportation
 l - 2 scrolls of blinking
 o - a scroll of amnesia
 q - a scroll of immolation
 s - 3 scrolls of remove curse
 z - a scroll of noise
Potions
 e - a potion of lignification
 f - a potion of invisibility
 p - 2 potions of flight
 B - a potion of agility {unknown}
 I - a potion of might {unknown}
 P - a potion of degeneration {unknown}
 Q - a potion of brilliance
Books
 b - a book of Callings

   Spells                             Type                      Level
   a - Summon Small Mammal            Summoning                    1
   b - Call Imp                       Summoning                    2
   c - Call Canine Familiar           Summoning                    3
   d - Summon Guardian Golem          Hexes/Summoning              3
   e - Summon Lightning Spire         Summoning/Air                4
   f - Summon Ice Beast               Ice/Summoning                4
 K - a book of Flames

   Spells                             Type                      Level
   a - Flame Tongue                   Conjuration/Fire             1
   b - Throw Flame                    Conjuration/Fire             2
   c - Conjure Flame                  Conjuration/Fire             3
   d - Inner Flame                    Hexes/Fire                   3
   e - Sticky Flame                   Conjuration/Fire             4
   f - Fireball                       Conjuration/Fire             5
 R - a book of Misfortune

   Spells                             Type                      Level
   a - Confusing Touch                Hexes                        1
   b - Confuse                        Hexes                        3
   c - Gell's Gravitas                Translocation                3
   d - Petrify                        Transmutation/Earth          4
   e - Metabolic Englaciation         Hexes/Ice                    5
   f - Yara's Violent Unravelling     Hexes/Transmutation          5
Comestibles
 c - a ration


   Skills:
 + Level 2.3 Fighting
 + Level 2.4(2.5) Maces & Flails
 + Level 0.7(1.1) Polearms
 + Level 1.1(2.0) Staves
 + Level 3.4 Dodging
 + Level 3.1 Stealth
 + Level 9.6 Spellcasting
 + Level 0.6 Conjurations
 + Level 3.7 Hexes
 + Level 10.0 Summonings
 + Level 1.7 Fire Magic
 + Level 2.0 Ice Magic
 + Level 0.5 Evocations


You had 12 spell levels left.
You knew the following spells:

 Your Spells              Type           Power        Failure   Level  Hunger
a - Summon Small Mammal   Summ           ####         1%          1    None
b - Call Imp              Summ           #####...     1%          2    None
c - Summon Guardian Gole  Hex/Summ       ####....     1%          3    None
d - Summon Ice Beast      Ice/Summ       ####....     2%          4    ###....
e - Throw Flame           Conj/Fire      ##....       3%          2    None
f - Fireball              Conj/Fire      ##........   45%         5    #####..


Dungeon Overview and Level Annotations

Branches:
Dungeon (11/15)            Temple (1/1) D:4            Lair (2/6) D:9
  Swamp: Lair:2-4    Shoals: Lair:2-4     Snake: Lair:2-4    Spider: Lair:2-4
    Orc: D:9-12

Altars:
Ashenzari
Cheibriados
Dithmenos
Elyvilon
Fedhas
Gozag
Hepliaklqana
Kikubaaqudgha
Makhleb
Nemelex Xobeh
Okawaru
Qazlal
Ru
Sif Muna
Trog
Uskayaw
Vehumet
Wu Jian
Xom
Yredelemnul
Zin
The Shining One

Shops:
D:4 [   D:9 *

Annotations:
D:6 Prince Ribbit


Innate Abilities, Weirdness & Mutations

Scrolls take you a little longer to read.
Your magical capacity is low. (-10% MP)


Message History

The killer bee is almost dead.
The killer bee completely misses you. The killer bee barely misses you.
The killer bee misses you.
The killer bee stings you but does no damage.
The killer bee stings you.
* * * LOW HITPOINT WARNING * * *
The killer bee misses you.
You feel much better.
Your surroundings suddenly seem different.
The two-headed ogre hits you with a giant club!!
The two-headed ogre hits you with a giant club!
* * * LOW HITPOINT WARNING * * *
Things that are here:
a short sword x2; a club You see here a stone.
You see here 2 stones.
Things that are here:
a robe; a dagger The two-headed ogre hits you with a giant club!!
You die...

####........#### #......#
................##......#
###........###..#...†..#
#....55..# #.'<.....# #<.......#
###....((# #........# #####{##
####.##### ###55# #..# #.O.##
#######@## #8### #.....O..# #)#
#........# ##.#### #........#
#.....# ######
#........########.....#
###....###.....)....<..........#
#..).)).((.[......########.....#
.....)####).......# #.....#
..)#### #((..)...# ###.###


You could see a two-headed ogre.

Vanquished Creatures
  Eustachio (D:4)
  A water moccasin (Lair:1)
  A sky beast (D:6)
  A wolf (D:7)
  2 big kobolds (D:10)
  A killer bee (D:10)
  3 crimson imps
  A hound (D:4)
  2 jellies (D:8)
  A centaur skeleton (D:8)
  A worker ant (D:6)
  3 adders
  A gnoll (D:7)
  A shadow imp (D:5)
  A leopard gecko (D:9)
  3 orcs
  A giant cockroach (D:3)
  A goblin (D:3)
  2 hobgoblins
  5 jackals
  6 kobolds
  A quokka (D:4)
  3 bats
  3 frilled lizards
  3 quokka skeletons
  A quokka zombie (D:8)
  A rat (D:3)
51 creatures vanquished.

Vanquished Creatures (collateral kills)
  The ghost of Mrkan the Cleaver, a novice MiFi of Uskayaw (D:8)
  A black mamba (Lair:1)
  2 spiny frogs (Lair:1)
  A kobold demonologist (D:10)
  5 komodo dragons (Lair:1)
  A hippogriff (D:6)
  Sigmund (D:5)
  3 water moccasins
  2 porcupines (Lair:1)
  Duvessa (D:7)
  An ice beast (D:7)
  A phantom (D:6)
  4 ogres
  5 centaurs
  A sky beast (D:3)
  15 big kobolds (D:10)
  A gnoll sergeant (D:7)
  6 bullfrogs
  Dowan (D:7)
  2 scorpions
  2 killer bees (D:10)
  2 crimson imps
  4 hounds
  Crazy Yiuf (D:6)
  2 orc priests
  An orc wizard (D:4)
  A centaur skeleton (D:8)
  3 worker ants
  A hound zombie (D:5)
  A hound skeleton (D:9)
  2 gnolls (D:7)
  8 adders
  2 adder skeletons (D:4)
  A worm (D:2)
  4 dart slugs
  4 leopard geckos
  14 orcs
  2 bats (D:1)
  4 giant cockroaches
  4 goblins
  4 hobgoblins
  9 jackals
  2 quokkas
  2 ball pythons
  A frilled lizard (D:3)
  A jackal skeleton (D:7)
  9 kobolds
  5 rats
  A plant (Lair:1)
152 creatures vanquished.

Vanquished Creatures (others)
  3 two-headed ogres
  A spiny frog (Lair:1)
  A centaur zombie (D:8)
  A hobgoblin (D:3)
  3 fungi (Lair:1)
9 creatures vanquished.

Grand Total: 212 creatures vanquished

Notes
Turn   | Place    | Note
-------+----------+-------------------------------------------
     0 | D:1      | amenchero the Human Summoner began the quest for the Orb.
     0 | D:1      | Reached XP level 1. HP: 13/13 MP: 3/3
    66 | D:1      | Learned a level 1 spell: Summon Small Mammal
   576 | D:1      | Reached XP level 2. HP: 13/19 MP: 3/5
   738 | D:1      | Learned a level 2 spell: Call Imp
  1345 | D:2      | Reached XP level 3. HP: 24/24 MP: 2/6
  1350 | D:2      | Learned a level 3 spell: Summon Guardian Golem
  1503 | D:2      | Found a white marble altar of Elyvilon.
  1855 | D:2      | Reached XP level 4. HP: 27/30 MP: 3/8
  2914 | D:3      | Noticed a sky beast
  2936 | D:3      | Killed a sky beast
  2936 | D:3      | Reached skill level 1 in Hexes
  2936 | D:3      | Reached XP level 5. HP: 18/36 MP: 1/10
  3086 | D:3      | Learned a level 4 spell: Summon Ice Beast
  3475 | D:3      | Found a sacrificial altar of Ru.
  4286 | D:4      | Reached skill level 5 in Summonings
  4352 | D:4      | Found a shadowy altar of Dithmenos.
  4375 | D:4      | Reached XP level 6. HP: 40/42 MP: 4/11
  4565 | D:5      | Entered Level 5 of the Dungeon
  4580 | D:5      | Found a shattered altar of Ashenzari.
  4673 | D:4      | Found an ancient bone altar of Kikubaaqudgha.
  4698 | D:4      | Noticed Eustachio
  5013 | D:4      | Found Dufreuj's Antique Armour Shoppe.
  5100 | D:4      | Killed Eustachio
  5287 | D:4      | Found a staircase to the Ecumenical Temple.
  5291 | Temple   | Entered the Ecumenical Temple
  5318 | Temple   | Became a worshipper of Sif Muna the Loreminder
  5531 | D:5      | Reached XP level 7. HP: 33/47 MP: 5/13
  5749 | D:5      | Noticed Sigmund
  5765 | D:5      | Killed Sigmund
  6037 | D:5      | Found a snail-covered altar of Cheibriados.
  6091 | D:5      | Found a burning altar of Makhleb.
  6477 | D:6      | Reached skill level 6 in Summonings
  6681 | D:6      | Noticed Prince Ribbit
  6912 | D:6      | Found a runed door.
  6916 | D:6      | Noticed Crazy Yiuf
  6929 | D:6      | Killed Crazy Yiuf
  7020 | D:6      | Reached skill level 1 in Maces & Flails
  7033 | D:7      | Noticed a hippogriff
  7286 | D:6      | Reached skill level 5 in Spellcasting
  7286 | D:6      | Reached XP level 8. HP: 53/53 MP: 12/15
  7303 | D:6      | Reached * piety under Sif Muna
  7434 | D:6      | Reached skill level 1 in Fighting
  7616 | D:6      | Reached skill level 1 in Staves
  8452 | D:6      | Killed a hippogriff
  8651 | D:7      | Noticed Dowan
  8653 | D:7      | Noticed Duvessa
  8674 | D:7      | Killed Duvessa
  8674 | D:7      | Reached skill level 7 in Summonings
  8694 | D:7      | Killed Dowan
  9136 | D:7      | Learned a level 2 spell: Throw Flame
  9174 | D:7      | Learned a level 5 spell: Fireball
  9200 | D:8      | Noticed Mrkan's ghost (novice MiFi)
  9447 | D:7      | Reached XP level 9. HP: 46/61 MP: 13/17
  9500 | D:7      | Gained mutation: Scrolls take you a little longer to read. [mutagenic glow]
  9549 | D:7      | Gained mutation: Your magical capacity is low. (-10% MP) [mutagenic glow]
  9924 | D:7      | Found a basalt altar of Yredelemnul.
 10059 | D:8      | Killed Mrkan's ghost
 10059 | D:8      | Reached ** piety under Sif Muna
 10059 | D:8      | Reached skill level 1 in Ice Magic
 10307 | D:8      | Noticed a two-headed ogre
 10509 | D:8      | Reached skill level 1 in Fire Magic
 10718 | D:8      | Killed a two-headed ogre
 10718 | D:8      | Reached skill level 8 in Summonings
 10803 | D:9      | Found Odoodum's General Store.
 10981 | D:8      | Noticed a two-headed ogre
 11008 | D:8      | Killed a two-headed ogre
 11690 | D:9      | Bought 2 potions of heal wounds for 120 gold pieces
 11690 | D:9      | Bought a scroll of enchant weapon for 90 gold pieces
 11701 | D:10     | Entered Level 10 of the Dungeon
 11780 | D:9      | Found a shimmering altar of Xom.
 11795 | D:9      | Found a staircase to the Lair.
 11826 | Lair:1   | Entered Level 1 of the Lair of Beasts
 12376 | Lair:1   | Reached XP level 10. HP: 67/67 MP: 16/19
 12440 | Lair:1   | Noticed a komodo dragon
 12466 | Lair:1   | Killed a komodo dragon
 12466 | Lair:1   | Reached *** piety under Sif Muna
 12478 | Lair:2   | Noticed a komodo dragon
 12499 | Lair:1   | Noticed a komodo dragon
 12514 | Lair:1   | Killed a komodo dragon
 12520 | Lair:1   | Noticed a komodo dragon
 12528 | Lair:1   | Noticed a komodo dragon
 12543 | Lair:1   | Noticed a komodo dragon
 12552 | Lair:1   | Killed a komodo dragon
 12552 | Lair:1   | Reached skill level 9 in Summonings
 12845 | Lair:1   | Killed a komodo dragon
 12854 | Lair:1   | Killed a komodo dragon
 12953 | Lair:1   | Noticed a black mamba
 12967 | Lair:1   | Killed a black mamba
 13164 | Lair:1   | Noticed a spiny frog
 13183 | Lair:1   | Killed a spiny frog
 13275 | Lair:1   | Noticed a spiny frog
 13292 | Lair:1   | Killed a spiny frog
 13521 | Lair:1   | Noticed a spiny frog
 13547 | Lair:1   | Killed a spiny frog
 13700 | D:10     | Noticed a kobold demonologist
 13700 | D:10     | Noticed a two-headed ogre
 13874 | D:10     | Killed a two-headed ogre
 13874 | D:10     | Reached **** piety under Sif Muna
 13992 | D:10     | Killed a kobold demonologist
 14173 | D:10     | Reached XP level 11. HP: 73/73 MP: 22/22
 14374 | D:10     | Noticed a two-headed ogre
 14842 | D:10     | Reached skill level 10 in Summonings
 14886 | D:10     | Demolished by a two-headed ogre

Skill      XL: |  1  2  3  4  5  6  7  8  9 10 11 |
---------------+----------------------------------+-----
Spellcasting   | 3 4 5 7 9 |  9.6
Hexes          | 1 2 3 |  3.7
Summonings     | 5 6 7 8 9 10 | 10.0
Maces & Flails | 1 2 |  2.4
Fighting       | 1 2 |  2.3
Staves         | 1 |  1.1
Dodging        | 3 |  3.4
Ice Magic      | 1 2 |  2.0
Fire Magic     | 1 |  1.7
Stealth        | 3 |  3.1
Polearms       | |  0.7
Conjurations   | |  0.6
Evocations     | |  0.5

Action                   |  1- 3 |  4- 6 |  7- 9 | 10-12 || total
-------------------------+-------+-------+-------+-------++-------
Melee: Dagger            |    53 |       |       |       ||    53
       Whip              |     4 |       |       |       ||     4
       Trident           |       |    33 |       |       ||    33
       Flail             |       |    26 |    42 |    56 ||   124
       Quarterstaff      |       |       |    34 |       ||    34
Throw: Stone             |       |       |     1 |       ||     1
 Cast: Summon Small Mamm |    15 |    18 |     5 |       ||    38
       Call Imp          |    15 |    40 |   186 |    95 ||   336
       Summon Guardian G |     6 |    33 |    58 |    40 ||   137
       Summon Ice Beast  |       |     6 |    20 |    22 ||    48
       Throw Flame       |       |       |    23 |    19 ||    42
Invok: Divine Energy     |       |       |     3 |       ||     3
       Stop Divine Energ |       |       |     2 |       ||     2
Evoke: Wand              |       |     6 |     8 |       ||    14
  Use: Scroll            |    12 |     6 |     8 |     2 ||    28
       Potion            |     1 |     5 |     7 |     5 ||    18
  Eat: Ration            |     2 |     5 |     9 |     3 ||    19
Armor: Robe              |    37 |    28 |    47 |    36 ||   148
Dodge: Dodged            |    59 |   104 |   100 |    57 ||   320
